 Dungeon Crawl Stone Soup version 0.19.1 (console) character file.

63219 asdue the Severer (level 15, -4/137 HPs)
             Began as a Hill Orc Assassin on Dec 23, 2016.
             Was the Champion of Okawaru.
             Slain by a 12-headed hydra (9 damage)
             ... on level 2 of the Swamp on Dec 24, 2016.
             The game lasted 01:56:29 (20320 turns).

asdue the Severer (Hill Orc Assassin)              Turns: 20320, Time: 01:56:30

Health: -4/137     AC: 27    Str: 18    XL:     15   Next: 8%
Magic:  22/22      EV: 13    Int: 11    God:    Okawaru [******]
Gold:   2434       SH:  0    Dex: 10    Spells: 2 memorised, 10 levels left

rFire  + . .     SeeInvis .     G - +2 broad axe (vamp)
rCold  + + +     Gourm    .     F - +6 scale mail of Happiness {rC+}
rNeg   + . .     Faith    +     p - +2 shield {rN+}
rPois  +         Spirit   .     n - +1 hat {MR+}
rElec  .         Reflect  .     Y - +2 cloak {+Inv}
rCorr  .         Harm     .     B - +0 pair of gloves
MR     ++...                    D - +2 pair of boots {run}
Stlth  +.........               t - amulet of the Mantidfly {Faith rPois rF+ rC+ Dex-5}
                                d - ring of protection from cold
                                C - ring of stealth

@: confused, about to teleport, heroism, quick
A: no striking features
a: Heroism, Finesse, Renounce Religion, Evoke Invisibility


You were on level 2 of the Swamp.
You worshipped Okawaru.
Okawaru was exalted by your worship.
You were not hungry.

You visited 5 branches of the dungeon, and saw 23 of its levels.
You also visited: Sewer, Ice Cave and Volcano.

You collected 2560 gold pieces.
You spent 126 gold pieces at shops.

Inventory:

Hand Weapons
 f - the cursed +2 morningstar of Okawaru's Whim {antimagic, rF+ rN++ MR-}
   (You found it in an ice cave)

   It reduces the magical energy of the wielder, and disrupts the spells and
   magical abilities of those hit.
   Natural abilities and divine invocations are not affected.
   It protects you from fire.
   It greatly protects you from negative energy.
   It affects your resistance to hostile enchantments.
   It has a curse placed upon it.
 u - a +2 broad axe of flaming
 w - the +8 battleaxe "Zocveor" {holy, rF+ Str+2 Stlth+}
   (Okawaru gifted it to you on level 2 of the Lair of Beasts)

   It has been blessed by the Shining One to cause great damage to the undead
   and demons.
   It affects your strength (+2).
   It protects you from fire.
   It makes you more stealthy.
 G - a +2 vampiric broad axe (weapon)
Armour
 l - a +2 plate armour of fire resistance
 n - a +1 hat of magic resistance (worn)
 p - a +2 shield of positive energy (worn)
 B - a +0 pair of gloves (worn)
 D - a +2 pair of boots of running (worn)
 F - the +6 scale mail of Happiness (worn) {rC+}
   (You found it on level 5 of the Dungeon)

   It protects you from cold.
 Y - a +2 cloak of invisibility (worn)
Jewellery
 d - a ring of protection from cold (right hand)
 t - the amulet of the Mantidfly (around neck) {Faith rPois rF+ rC+ Dex-5}
   (You found it on level 4 of the Dungeon)

   [amulet of faith]

   It allows you to gain divine favour quickly.
   It affects your dexterity (-5).
   It protects you from fire.
   It protects you from cold.
   It protects you from poison.
 C - a ring of stealth (left hand)
Wands
 m - a wand of iceblast (4/15)
 o - a wand of lightning (7/15)
 y - a wand of digging (24/24)
 z - a wand of iceblast (13/15)
 H - a wand of acid (0/15)
 O - a wand of polymorph (12/24)
 Q - a wand of lightning (4/15)
 T - a wand of digging (6/24)
 V - a wand of iceblast (8/15)
Scrolls
 a - 5 scrolls of recharging
 r - 9 scrolls of remove curse
 v - a scroll of fog
 I - 6 scrolls of teleportation
 J - a scroll of fear
 N - 4 scrolls of identify
 R - a scroll of magic mapping
Potions
 b - 2 potions of might
 h - a potion of lignification {unknown}
 j - 2 potions of agility
 k - a potion of cancellation
 s - 4 potions of resistance
 A - a potion of haste
 E - a potion of ambrosia
 K - 6 potions of flight
 S - 2 potions of curing
 U - 2 potions of heal wounds
 W - a potion of invisibility
Miscellaneous
 X - a fan of gales
Comestibles
 c - 13 bread rations
 g - a chunk of flesh
 L - 25 fruits
 M - 5 beef jerkies
 P - 3 royal jellies
 Z - 3 meat rations


   Skills:
 + Level 13.7(18.7) Fighting
   Level 2.0(7.0) Short Blades
 + Level 17.7(22.7) Axes
 - Level 1.7(6.7) Throwing
 + Level 12.7(17.7) Armour
 - Level 5.1(10.1) Dodging
 - Level 3.2(8.2) Stealth
 - Level 6.6(11.6) Shields
 + Level 0.5 Charms
 + Level 1.0 Necromancy
 - Level 8.0 Invocations
 + Level 9.6 Evocations


You had 10 spell levels left.
You knew the following spells:

 Your Spells              Type           Power        Failure   Level  Hunger
a - Animate Skeleton      Necr           N/A          77%         1    ##.....
b - Regeneration          Chrm/Necr      #.........   100%        3    ####...


Dungeon Overview and Level Annotations

Branches:
Dungeon (12/15)            Temple (1/1) D:6            Lair (6/6) D:8
  Swamp (2/4) Lair:4        Snake (0/4) Lair:3        Slime (0/5) Lair:6
    Orc (2/2) D:12            Elf (0/3) Orc:2

Altars:
Ashenzari
Cheibriados
Dithmenos
Elyvilon
Fedhas
Gozag
Hepliaklqana
Kikubaaqudgha
Makhleb
Okawaru
Qazlal
Ru
Sif Muna
Trog
Uskayaw
Vehumet
Xom
Yredelemnul
Zin
The Shining One
Beogh

Shops:
Orc:2 %}**

Annotations:
D:2 1 runed door
Lair:6 Rupert


Message History

The 12-headed hydra bites you!
* * * LOW HITPOINT WARNING * * *
The 12-headed hydra bites you.
* * * LOW HITPOINT WARNING * * *
The 12-headed hydra bites you but does no damage.
The 12-headed hydra bites you but does no damage.
The 12-headed hydra closely misses you. The 12-headed hydra bites you.
* * * LOW HITPOINT WARNING * * *
The 12-headed hydra bites you but does no damage.
The 12-headed hydra closely misses you.
The 12-headed hydra bites you but does no damage.
The 12-headed hydra bites you.
* * * LOW HITPOINT WARNING * * *
The 12-headed hydra barely misses you. The 12-headed hydra closely misses you.
The 12-headed hydra bites you.
* * * LOW HITPOINT WARNING * * *
The 12-headed hydra misses you.
The 12-headed hydra completely misses you.
The 12-headed hydra bites you!
You die...

≈≈≈ ♣♣♣♣♣♣♣♣ ≈k≈ ♣≈....≈♣ ♣≈♣
♣♣.≈≈.≈≈♣♣ ♣≈♣♣♣ ♣
♣♣♣.≈≈≈≈≈≈.♣ ♣≈)≈♣♣♣
♣♣.....♣<<.♣ ♣..≈..≈ .♣♣
♣♣.≈≈≈.♣♣..♣♣ ♣≈≈.≈.) ...≈
♣≈≈≈≈≈†♣♣≈♣♣ ♣♣..≈≈≈. ≈.≈≈≈♣
♣.≈≈≈@≈♣♣≈≈♣♣♣♣≈.≈§≈≈.
≈§≈≈≈≈♣♣♣≈...D♣♣≈≈≈♣♣..†......
♣.≈≈≈≈≈♣≈..≈≈...≈♣≈...≈≈≈..≈..
♣.≈≈≈.....≈...≈≈≈...≈≈≈≈≈.≈..
♣.......≈♣w♣♣≈..≈...≈≈≈≈♣♣♣♣♣
♣♣♣♣≈.(..≈.≈♣≈.≈≈≈≈..≈.♣♣ ♣♣
♣♣...........≈§≈≈≈≈≈.≈♣♣ ♣♣.
♣......§≈≈≈§.♣♣..≈≈≈≈♣♣ ♣♣≈.
♣♣.≈...≈≈≈≈≈.≈≈..≈≈≈♣♣ ♣♣..≈


You could see a 12-headed hydra and a swamp worm.

Vanquished Creatures
  An orc warlord (Orc:2)
  The ghost of Maskull the Blocker, a journeyman GrFi of Cheibriados (Orc:2)
  Josephine (Orc:2)
  3 hydras
  A dancing weapon (Volcano)
  8 orc high priests
  The ghost of TheWoodenMan the Spear-Bearer, a novice MfSu of Sif Muna (IceCv)
  A spriggan druid (Swamp:2)
  The ghost of dscm the Contemplative, a novice OpFi of Cheibriados (D:7)
  4 wizards (Volcano)
  4 hill giants
  A lindwurm (Lair:6)
  A wolf spider zombie (D:12)
  3 orc knights
  A necromancer (IceCv)
  2 deep elf magi (D:11)
  An ugly thing (D:11)
  5 toenail golems (Volcano)
  3 ice statues (IceCv)
  5 elephants (Lair:4)
  A black mamba (Lair:6)
  10 spiny frogs
  2 rime drakes
  5 ice devils (IceCv)
  7 komodo dragons
  A merfolk (D:11)
  6 trolls
  3 polar bears
  A tyrant leech (Swamp:2)
  13 blink frogs
  6 slime creatures
  5 hippogriffs
  6 dream sheep (Lair:5)
  4 wraiths (Orc:2)
  4 wyverns
  A vampire (D:11)
  43 yaks
  3 fire bats (Lair:2)
  Grum (Lair:1)
  2 basilisks (Lair:5)
  2 hungry ghosts
  A steam dragon (D:12)
  3 nagas (Lair:3)
  16 wargs
  4 swamp worms (Swamp:2)
  10 water moccasins
  5 porcupines
  4 swamp drakes
  27 orc warriors
  6 sky beasts
  A necrophage (D:11)
  9 ogres
  A black bear (D:11)
  3 ice beasts
  3 phantoms
  14 wolves
  13 centaurs
  11 crocodiles
  A big kobold (Sewer)
  9 bullfrogs
  A wyvern skeleton (D:11)
  3 scorpions
  2 howler monkeys
  An electric eel (Lair:4)
  5 crimson imps
  A centaur zombie (D:9)
  A draconian simulacrum (IceCv)
  2 bullfrog zombies
  5 hounds
  8 jellies
  2 bullfrog skeletons
  35 orc priests
  21 orc wizards
  3 iguanas
  A spriggan simulacrum (IceCv)
  11 worker ants
  A troll simulacrum (IceCv)
  A killer bee zombie (D:9)
  A centaur simulacrum (IceCv)
  2 hound zombies (D:8)
  A hound skeleton (D:6)
  A howler monkey zombie (D:11)
  A worker ant zombie (D:11)
  14 gnolls
  2 ogre simulacra (IceCv)
  2 river rats (Sewer)
  12 adders
  3 naga simulacra (IceCv)
  2 shadow imps
  2 oozes
  An adder zombie (D:7)
  3 worms
  3 dart slugs (D:1)
  4 leopard geckos
  97 orcs
  12 giant cockroaches
  5 goblins
  7 hobgoblins
  9 jackals
  3 quokkas
  A ball python zombie (D:6)
  6 bats
  7 frilled lizards
  A jackal skeleton (D:5)
  13 kobolds
  A quokka skeleton (D:5)
  9 rats
  A bush (Lair:5)
645 creatures vanquished.

Vanquished Creatures (others)
  5 dream sheep (Lair:4)
  An orc warrior (Orc:1)
  An orc priest (D:12)
  An orc (Orc:2)
  12 fungi
  15 plants (Lair:4)
35 creatures vanquished.

Grand Total: 680 creatures vanquished

Notes
Turn   | Place    | Note
-------+----------+-------------------------------------------
     0 | D:1      | asdue the Hill Orc Assassin began the quest for the Orb.
     0 | D:1      | Reached XP level 1. HP: 18/18 MP: 1/1
   281 | D:1      | Reached XP level 2. HP: 15/26 MP: 2/2
   646 | D:1      | Reached XP level 3. HP: 33/33 MP: 3/3
   654 | D:1      | Reached skill level 1 in Dodging
   945 | D:2      | Found a runed door.
  1278 | D:1      | Reached XP level 4. HP: 41/41 MP: 4/4
  1297 | D:1      | Reached skill level 1 in Armour
  1556 | D:2      | Reached skill level 5 in Fighting
  1871 | D:2      | Reached XP level 5. HP: 45/48 MP: 5/5
  2429 | D:3      | Found a white marble altar of Elyvilon.
  2429 | D:3      | Found a glowing golden altar of the Shining One.
  2436 | D:3      | Found a glowing silver altar of Zin.
  2447 | D:3      | Found an iron altar of Okawaru.
  2494 | D:3      | Found a radiant altar of Vehumet.
  2498 | D:3      | Became a worshipper of Warmaster Okawaru
  2560 | D:3      | Reached skill level 1 in Axes
  2751 | D:3      | Noticed an ogre
  3049 | D:4      | Reached skill level 2 in Axes
  3087 | D:3      | Killed an ogre
  3087 | D:3      | Reached * piety under Okawaru
  3087 | D:3      | Reached skill level 4 in Axes
  3087 | D:3      | Reached XP level 6. HP: 41/56 MP: 6/6
  3411 | D:4      | Found a burning altar of Makhleb.
  3453 | D:4      | Reached skill level 5 in Axes
  3453 | D:4      | Reached skill level 1 in Invocations
  3623 | D:4      | Found a shadowy altar of Dithmenos.
  3635 | D:4      | Found an ancient bone altar of Kikubaaqudgha.
  3796 | D:4      | Reached XP level 7. HP: 50/61 MP: 6/8
  3930 | D:4      | Got a sparkling bronze amulet
  3949 | D:4      | Reached skill level 6 in Axes
  3961 | D:4      | Identified the amulet of the Mantidfly {Faith rPois rF+ rC+ Dex-5} (You found it on level 4 of the Dungeon)
  4059 | D:5      | Entered Level 5 of the Dungeon
  4091 | D:5      | Found a deep blue altar of Sif Muna.
  4094 | D:5      | Got a faintly humming scale mail
  4095 | D:5      | Identified the +6 scale mail of Happiness {rC+} (You found it on level 5 of the Dungeon)
  4312 | D:5      | Reached skill level 7 in Axes
  4731 | D:5      | Reached ** piety under Okawaru
  4731 | D:5      | Reached skill level 8 in Axes
  4881 | D:6      | Reached XP level 8. HP: 69/69 MP: 10/10
  4888 | D:6      | Found a glowing drain.
  4913 | Sewer    | Entered a sewer
  4997 | Sewer    | Reached skill level 9 in Axes
  5021 | Sewer    | Found a white marble altar of Elyvilon.
  5133 | D:6      | Found a staircase to the Ecumenical Temple.
  5170 | Temple   | Entered the Ecumenical Temple
  5258 | D:6      | You fall through a shaft!
  5401 | D:7      | Noticed a hippogriff
  5420 | D:7      | Killed a hippogriff
  5420 | D:7      | Reached skill level 10 in Axes
  5432 | D:7      | Noticed dscm's ghost (novice OpFi)
  5469 | D:7      | Killed dscm's ghost
  5469 | D:7      | Reached *** piety under Okawaru
  5469 | D:7      | Reached skill level 11 in Axes
  5469 | D:7      | Reached XP level 9. HP: 24/74 MP: 9/11
  5870 | D:6      | Reached **** piety under Okawaru
  5981 | D:6      | Reached skill level 12 in Axes
  6295 | D:7      | Reached skill level 5 in Armour
  6661 | D:8      | Found a staircase to the Lair.
  7334 | D:9      | Reached skill level 13 in Axes
  7467 | D:9      | Reached ***** piety under Okawaru
  7543 | D:9      | Reached XP level 10. HP: 55/84 MP: 9/12
  8261 | D:10     | Entered Level 10 of the Dungeon
  8317 | D:10     | Noticed a hill giant
  8341 | D:10     | Killed a hill giant
  8752 | D:10     | Received a gift from Okawaru
  8760 | D:10     | Noticed a hill giant
  9002 | D:9      | Noticed a hill giant
  9144 | D:10     | Reached skill level 14 in Axes
  9523 | D:11     | Noticed a hill giant
  9536 | D:11     | Killed a hill giant
  9652 | D:11     | Noticed a deep elf mage
  9680 | D:11     | Reached skill level 5 in Invocations
  9698 | D:11     | Killed a deep elf mage
  9698 | D:11     | Received a gift from Okawaru
  9698 | D:11     | Reached XP level 11. HP: 29/97 MP: 11/15
 10625 | D:11     | Noticed a green ugly thing
 10636 | D:11     | Reached skill level 1 in Evocations
 10644 | D:11     | Killed a green ugly thing
 11212 | D:11     | Noticed a deep elf mage
 11225 | D:11     | Killed a deep elf mage
 11225 | D:11     | Reached skill level 15 in Axes
 11471 | D:9      | Killed a hill giant
 11532 | Lair:1   | Entered Level 1 of the Lair of Beasts
 11551 | Lair:1   | Noticed a five-headed hydra
 11565 | Lair:1   | Killed a five-headed hydra
 11868 | Lair:1   | Noticed Grum
 11893 | Lair:1   | Received a gift from Okawaru
 11893 | Lair:1   | Reached ****** piety under Okawaru
 11897 | Lair:1   | Killed Grum
 12007 | Lair:1   | Reached skill level 10 in Fighting
 12104 | Lair:2   | Noticed a six-headed hydra
 12118 | Lair:2   | Killed a six-headed hydra
 12167 | Lair:2   | Reached XP level 12. HP: 51/106 MP: 18/18
 12233 | Lair:2   | HP: 3/106 [spiny frog (7)]
 12238 | Lair:2   | HP: 2/106 [spiny frog (2)]
 12589 | Lair:2   | Found a dark tunnel.
 12595 | Lair:2   | Received a gift from Okawaru
 12597 | Lair:2   | Got a jewelled battleaxe {god gift}
 12598 | Lair:2   | Identified the +8 battleaxe "Zocveor" {holy, rF+ Str+2 Stlth+} (Okawaru gifted it to you on level 2 of the Lair of Beasts)
 12658 | Volcano  | Entered a volcano
 12801 | Volcano  | Reached skill level 16 in Axes
 12801 | Volcano  | Reached skill level 5 in Evocations
 13100 | Volcano  | Received a gift from Okawaru
 13697 | Lair:3   | Found a staircase to the Snake Pit.
 13880 | Lair:3   | Reached skill level 17 in Axes
 14086 | Lair:4   | Received a gift from Okawaru
 14251 | Lair:4   | Found a staircase to the Swamp.
 14286 | Lair:4   | Found a shimmering altar of Xom.
 14311 | Lair:4   | Noticed an eight-headed hydra
 14320 | Lair:4   | Killed a six-headed hydra
 14320 | Lair:4   | Received a gift from Okawaru
 14320 | Lair:4   | Reached XP level 13. HP: 106/114 MP: 16/19
 14327 | Lair:4   | Reached skill level 10 in Armour
 14352 | Lair:4   | Received a gift from Okawaru
 14651 | Lair:5   | Received a gift from Okawaru
 15189 | Lair:6   | Entered Level 6 of the Lair of Beasts
 15303 | Lair:6   | Received a gift from Okawaru
 15478 | Lair:6   | Noticed Rupert
 15627 | Lair:6   | Found a staircase to the Slime Pits.
 15677 | Lair:6   | Reached skill level 5 in Dodging
 16336 | D:10     | Reached XP level 14. HP: 127/127 MP: 20/20
 16450 | D:12     | Received a gift from Okawaru
 16509 | D:12     | Reached skill level 1 in Shields
 16547 | D:12     | Found a staircase to the Orcish Mines.
 16606 | D:12     | Learned a level 1 spell: Animate Skeleton
 16610 | D:12     | Learned a level 3 spell: Regeneration
 16646 | Orc:1    | Entered Level 1 of the Orcish Mines
 16713 | Orc:1    | Found a frozen archway.
 16812 | IceCv    | Entered an ice cave
 17165 | IceCv    | Noticed TheWoodenMan's ghost (novice MfSu)
 17249 | IceCv    | Killed TheWoodenMan's ghost
 17416 | IceCv    | Got a crude morningstar
 17420 | IceCv    | Got a warped ring mail
 17533 | Orc:1    | Identified the cursed +2 morningstar of Okawaru's Whim {antimagic, rF+ rN++ MR-} (You found it in an ice cave)
 17535 | Orc:1    | Identified the +1 ring mail of Synchronized Stabbing {*Corrode rElec Str-3 SInv} (You found it in an ice cave)
 17754 | Orc:2    | Entered Level 2 of the Orcish Mines
 17787 | Orc:2    | Noticed Josephine
 17807 | Orc:2    | Killed Josephine
 17953 | Orc:1    | Received a gift from Okawaru
 17970 | Orc:1    | Identified a +1 pair of boots of running (Okawaru gifted it to you on level 1 of the Orcish Mines)
 18351 | Orc:2    | Reached skill level 5 in Shields
 18358 | Orc:2    | Found Racweasy's General Store.
 18358 | Orc:2    | Found Niutz's General Store.
 18502 | Orc:2    | Found a roughly hewn altar of Beogh.
 18614 | Orc:2    | Found Ariala's Food Boutique.
 18614 | Orc:2    | Found Pinof's Gadget Emporium.
 18624 | Orc:2    | Noticed an orc warlord
 18688 | Orc:2    | Noticed Maskull's ghost (journeyman GrFi)
 18716 | Orc:2    | Killed Maskull's ghost
 19151 | Orc:2    | Killed an orc warlord
 19265 | Orc:2    | Found a staircase to the Elven Halls.
 19569 | Orc:1    | Reached XP level 15. HP: 100/136 MP: 20/22
 19573 | Orc:1    | Received a gift from Okawaru
 19720 | Orc:2    | Bought a scroll of identify for 24 gold pieces
 19720 | Orc:2    | Bought a potion of agility for 48 gold pieces
 19720 | Orc:2    | Bought a scroll of identify for 24 gold pieces
 19729 | Orc:2    | Bought a scroll of identify for 30 gold pieces
 20017 | Swamp:1  | Entered Level 1 of the Swamp
 20315 | Swamp:2  | Reached skill level 1 in Necromancy
 20318 | Swamp:2  | HP: 3/137 [12-headed hydra (5)]
 20319 | Swamp:2  | HP: 1/137 [12-headed hydra (2)]
 20320 | Swamp:2  | Slain by a 12-headed hydra

Skill      XL: |  1  2  3  4  5  6  7  8  9 10 11 12 13 14 15 |
---------------+----------------------------------------------+-----
Fighting       | 3 4 5 6 9 10 12 13 | 13.7
Dodging        | 1 2 5 |  5.1
Armour         | 2 4 6 8 9 11 12 | 12.7
Axes           | 4 5 8 11 13 14 15 17 | 17.7
Invocations    | 2 3 5 8 |  8.0
Evocations     | 4 7 9 |  9.6
Shields        | 6 |  6.6
Necromancy     | 1 |  1.0
Short Blades   | |  2.0
Throwing       | |  1.7
Stealth        | |  3.2
Charms         | |  0.5

Action                   |  1- 3 |  4- 6 |  7- 9 | 10-12 | 13-15 || total
-------------------------+-------+-------+-------+-------+-------++-------
Melee: Dagger            |   110 |       |       |       |       ||   110
       Short sword       |    28 |   125 |       |       |       ||   153
       Hand axe          |       |    64 |   241 |       |       ||   305
       War axe           |       |       |   253 |    30 |       ||   283
       Punch             |       |       |     1 |     2 |       ||     3
       Broad axe         |       |       |       |   498 |  1195 ||  1693
       Morningstar       |       |       |       |    16 |       ||    16
       Battleaxe         |       |       |       |   160 |    99 ||   259
       Executioner's axe |       |       |       |     2 |     3 ||     5
 Fire: Blowgun           |       |    11 |     8 |    15 |       ||    34
Throw: Stone             |     1 |       |       |       |       ||     1
Invok: Heroism           |       |     2 |     3 |    14 |     8 ||    27
       Finesse           |       |       |       |       |     1 ||     1
 Abil: Evoke Invisibilit |       |       |       |     2 |     6 ||     8
Evoke: Wand              |       |       |       |     3 |       ||     3
       Fan of gales      |       |       |       |     1 |       ||     1
       Sack of spiders   |       |       |       |     1 |       ||     1
  Use: Scroll            |       |       |     5 |    19 |    16 ||    40
       Potion            |       |       |       |     3 |     1 ||     4
 Stab: Sleeping          |     3 |       |       |       |     2 ||     5
       Invisible         |       |       |       |     6 |    53 ||    59
       Distracted        |       |       |       |       |     2 ||     2
  Eat: Chunk             |     1 |     8 |    13 |    22 |    23 ||    67
       Pizza             |       |       |       |     1 |     3 ||     4
       Fruit             |       |       |       |     1 |     1 ||     2
       Royal jelly       |       |       |       |       |     2 ||     2
Armor: Robe              |    23 |       |       |       |       ||    23
       Chain mail        |    44 |   111 |    10 |       |       ||   165
       Scale mail        |       |       |   250 |   404 |   528 ||  1182
Dodge: Dodged            |    54 |    61 |   188 |   277 |   485 ||  1065
Block: Shield            |       |       |       |       |   364 ||   364
